 Dungeon Crawl Stone Soup version 0.30-a0-626-gd6a5dd7a1f (webtiles) character file.

Game seed: 5993300225734266054

4787 vineage the Fighter (level 10, -3/102 HPs)
             Began as a Gargoyle Fighter on Jan 11, 2023.
             Was a Believer of Okawaru.
             Killed from afar by an acid dragon (22 damage)
             ... with a splash of acid
             ... on level 9 of the Dungeon.
             The game lasted 00:06:57 (7795 turns).

vineage the Fighter (Gargoyle Fighter)              Turns: 7795, Time: 00:06:58

Health: -3/102     AC: 20    Str: 24    XL:     10   Next: 47%
Magic:  10/10      EV:  6    Int: 15    God:    Okawaru [**....]
Gold:   559        SH:  5    Dex:  9    Spells: 9/9 levels left

rFire   . . .      SeeInvis .    a - +1 flail (freeze)
rCold   . . .      Faith    .    c - +0 buckler
rNeg    + . .      Spirit   .    q - +0 plate armour
rPois   ∞          Reflect  .    (no helmet)
rElec   +          Harm     .    x - +0 cloak
rCorr   .          Rampage  .    (no gloves)
Will    .....                    t - +1 pair of boots Stlth
                                 b - amulet of magic regeneration
HPRegen 0.37/turn                p - +6 ring of intelligence
MPRegen 0.52/turn                j - ring of flight

@: berserking (expiring), corroded, flying, very quick
A: sickness immunity, AC +7, negative energy resistance 1, electricity
resistance, torment resistance 1, petrification resistance
a: Renounce Religion, Heroism


You were on level 9 of the Dungeon.
You worshipped Okawaru.
Okawaru was pleased with you.
You visited 2 branches of the dungeon, and saw 10 of its levels.

You collected 559 gold pieces.

Inventory:

Hand Weapons
 a - a +1 flail of freezing (weapon)
Armour
 c - a +0 buckler (worn)
 q - a +0 plate armour (worn)
 t - a +1 pair of boots (worn)
 x - a +0 cloak (worn)
Jewellery
 b - an amulet of magic regeneration (around neck)
 j - a ring of flight (right hand)
 p - a +6 ring of intelligence (left hand)
 v - a ring of wizardry
Wands
 r - a wand of mindburst (16)
 u - a wand of roots (30)
 y - a wand of digging (7)
Scrolls
 e - 4 scrolls of identify
 f - 2 scrolls of teleportation
 g - 2 scrolls of fear
 h - 2 scrolls of amnesia
 k - a scroll of enchant armour
 n - a scroll of silence
 w - 2 scrolls of enchant weapon
 z - 2 scrolls of poison
 A - a scroll of blinking
 B - a scroll of torment
 D - a scroll of fog {unknown}
Potions
 d - 2 potions of cancellation
 i - a potion of brilliance
 l - a potion of berserk rage
 m - a potion of lignification
 o - a potion of mutation
 s - a potion of curing
 C - a potion of attraction


   Skills:
 * Level 10.2 Fighting
 * Level 8.9 Maces & Flails
 + Level 7.5 Armour
 + Level 7.5 Shields


You had 9 spell levels left.
You didn't know any spells.
Your spell library contained the following spells:

 Spells                   Type           Power      Damage    Failure   Level
 Frozen Ramparts          Ice            0%         1d1       100%        3
 Hailstorm                Conj/Ice       0%         3d3       100%        3
 Teleport Other           Tloc           0%         N/A       100%        3
 Ice Form                 Ice/Tmut       0%         N/A       100%        4
 Petrify                  Tmut/Erth      0%         N/A       100%        4
 Alistair's Intoxication  Tmut/Pois      0%         N/A       100%        5
 Metabolic Englaciation   Hex/Ice        0%         N/A       100%        5
 Borgnjor's Revivificati  Necr           0%         N/A       100%        8
 Necromutation            Tmut/Necr      0%         N/A       100%        8
 Death's Door             Necr           0%         N/A       100%        9
 Cigotuvi's Dreadful Rot  Necr/Pois/Air  Unusable   N/A       N/A         2
 Summon Ice Beast         Ice/Summ       Unusable   N/A       N/A         4
 Simulacrum               Ice/Necr       Unusable   N/A       N/A         6
 Statue Form              Tmut/Erth      Unusable   N/A       N/A         6
 Malign Gateway           Summ/Tloc      Unusable   N/A       N/A         7

Dungeon Overview and Level Annotations

Branches:
Dungeon (9/15)             Temple (1/1) D:7
   Lair: D:8-11         Orc: D:9-12

Altars:
Ashenzari
Cheibriados
Dithmenos
Elyvilon
Fedhas
Gozag
Hepliaklqana
Kikubaaqudgha
Makhleb
Nemelex Xobeh
Okawaru
Qazlal
Sif Muna
Trog
Uskayaw
Vehumet
Wu Jian
Xom
Yredelemnul
Zin
The Shining One

Shops:
D:1 (   D:4 *   D:6 (


Innate Abilities, Weirdness & Mutations

You are immune to sickness and miasma.
Your stone body is resilient. (AC +7)
You are immune to poison.
You resist negative energy. (rN+)
You are resistant to electric shocks. (rElec)
You are resistant to unholy torment.
You are immune to petrification.


Message History

You feel like a meek peon again. The orc warrior closely misses you.
The yak snorts and paws the ground.
You sock the orc warrior! You freeze the orc warrior.
The orc warrior is moderately wounded.
The acid dragon spits acid at you.
The splash of acid hits you but does no damage.
The acid corrodes you!
The orc warrior hits you with a +0 halberd.
* * * LOW HITPOINT WARNING * * *
The yak snorts and paws the ground.
You hit the orc warrior but do no damage.
The orc warrior is moderately wounded.
You closely miss the orc warrior.
The orc warrior is moderately wounded.
The orc warrior hits you with a +0 halberd.
* * * LOW HITPOINT WARNING * * *
You barely miss the orc warrior.
The orc warrior is moderately wounded.
The acid dragon bites you but does no damage.
The acid dragon claws you but does no damage.
You block the orc warrior's attack.
You hit the orc warrior. You freeze the orc warrior.
The orc warrior is heavily wounded.
You sock the orc warrior! You freeze the orc warrior.
The orc warrior is almost dead.
You block the orc warrior's attack. The acid dragon bites you.
* * * LOW HITPOINT WARNING * * *
The acid dragon barely misses you.
You hit the orc warrior but do no damage.
The orc warrior is almost dead.
You block the acid dragon's attack. x2; The orc warrior barely misses you.
The yak snorts and paws the ground.
You hit the orc warrior. You freeze the orc warrior.
You kill the orc warrior!
Okawaru accepts your kill.
You closely miss the acid dragon. The acid dragon spits acid at you.
The splash of acid hits you!!
You die...

# #. #..##############.
.................
#........../..
#####.............
.................♣
........@)....♣...
#######D#####..♣ s
#############Y####.P...
.............Y..........
...................P....
................#.......
................# ..P
................# ..
..>.............# .


You could see 2 yaks and an acid dragon (catching breath).

Vanquished Creatures
  Grinder (D:4)
  Sigmund (D:2)
  3 wyverns (D:9)
  4 yaks (D:9)
  2 steam dragons
  Menkaure (D:4)
  Duvessa (D:4)
  2 water moccasins (D:9)
  Pargi (D:4)
  An ice beast (D:5)
  3 black bears
  4 orc warriors
  2 ogres (D:6)
  2 centaurs (D:8)
  A phantom (D:7)
  A kobold brigand (D:8)
  3 necrophages
  A bullfrog (D:6)
  A gnoll sergeant (D:8)
  4 scorpions
  Dowan (D:4)
  3 howler monkeys (D:7)
  3 hounds
  3 orc priests
  A jelly (D:5)
  3 iguanas
  5 orc wizards
  Terence (D:2)
  Robin (D:2)
  3 gnolls (D:8)
  10 adders
  5 shadow imps
  A white imp (D:7)
  2 ufetubi
  2 dart slugs (D:3)
  2 worms (D:2)
  28 orcs
  4 ball pythons
  5 bats
  2 endoplasms
  3 giant cockroaches
  12 goblins
  6 hobgoblins
  4 quokkas
  11 kobolds
  9 rats
169 creatures vanquished.

Vanquished Creatures (others)
  A fungus (D:9)
  10 plants (D:9)
11 creatures vanquished.

Grand Total: 180 creatures vanquished

Notes
Turn   | Place    | Note
-------+----------+-------------------------------------------
     0 | D:1      | vineage the Gargoyle Fighter began the quest for the Orb.
     0 | D:1      | Reached XP level 1. HP: 14/14 MP: 1/1
    46 | D:1      | Found Ownudan's Weapon Emporium.
   117 | D:1      | Reached XP level 2. HP: 19/19 MP: 2/2
  1003 | D:2      | Reached XP level 3. HP: 20/24 MP: 3/3
  1133 | D:2      | Noticed Terence
  1146 | D:2      | Killed Terence
  1190 | D:2      | Noticed Sigmund
  1203 | D:2      | Killed Sigmund
  1204 | D:2      | Reached skill level 4 in Fighting
  1204 | D:2      | Reached XP level 4. HP: 18/30 MP: 4/4
  1204 | D:2      | Reached XP level 5. HP: 20/34 MP: 5/5
  1468 | D:2      | Reached XP level 6. HP: 28/40 MP: 6/6
  1531 | D:2      | Noticed Robin
  1547 | D:2      | Reached skill level 5 in Fighting
  1556 | D:2      | Killed Robin
  1622 | D:2      | Found a faded altar of an unknown god.
  2812 | D:3      | Found a shimmering altar of Xom.
  2821 | D:3      | Found a snail-covered altar of Cheibriados.
  2963 | D:4      | Noticed Pargi
  2969 | D:4      | Noticed Menkaure
  2976 | D:4      | Killed Pargi
  2977 | D:4      | Reached XP level 7. HP: 24/45 MP: 7/7
  2979 | D:4      | Killed Menkaure
  2980 | D:4      | Reached skill level 6 in Fighting
  3235 | D:4      | Found Pidoa's General Store.
  3284 | D:4      | Found a glowing silver altar of Zin.
  3284 | D:4      | Found a broken altar of Ashenzari.
  3331 | D:4      | Noticed Dowan
  3331 | D:4      | Noticed Duvessa
  3346 | D:4      | Killed Duvessa
  3347 | D:4      | Reached skill level 5 in Maces & Flails
  3347 | D:4      | Reached skill level 5 in Armour
  3347 | D:4      | Reached skill level 5 in Shields
  3360 | D:4      | Killed Dowan
  3361 | D:4      | Reached XP level 8. HP: 47/52 MP: 8/8
  3451 | D:4      | Noticed Grinder
  3452 | D:4      | Paralysed by Grinder for 2 turns
  3459 | D:4      | Paralysed by Grinder for 3 turns
  3465 | D:4      | Killed Grinder
  3665 | D:5      | Entered Level 5 of the Dungeon
  3681 | D:5      | Reached skill level 7 in Fighting
  4037 | D:5      | Got the Collected Works on the Blinking Dose
  4415 | D:6      | Reached XP level 9. HP: 56/59 MP: 9/9
  4511 | D:6      | Reached skill level 8 in Fighting
  4512 | D:6      | Found Meqyg's Weapon Emporium.
  4760 | D:6      | Found a hide-covered altar of Uskayaw.
  4784 | D:6      | Found a hazy altar of Hepliaklqana.
  5628 | D:7      | Found a staircase to the Ecumenical Temple.
  5640 | Temple   | Entered the Ecumenical Temple
  5862 | Temple   | Became a worshipper of Warmaster Okawaru
  6389 | D:8      | Reached skill level 9 in Fighting
  6673 | D:8      | Found an opulent altar of Gozag.
  6696 | D:8      | Reached * piety under Okawaru
  7100 | D:8      | Reached XP level 10. HP: 38/66 MP: 10/10
  7634 | D:9      | Reached ** piety under Okawaru
  7767 | D:9      | Reached skill level 10 in Fighting
  7795 | D:9      | Killed from afar by an acid dragon

Illustrated notes

Levels and vault maps discovered:
D:1:      nicolae_arrival_washed_ashore, layout_loops_ring, serial_shops, shop,
          nicolae_hexahallways, st_stairs_7
D:2:      layout_loops_ring, dilly_ecumenical_altar_fadedgnrine, serial_glass,
          glass_columns_a, glass_columns_a, uniq_robin, uniq_sigmund,
          uniq_terence
D:3:      layout_loops_corners, mainiacjoe_overflow_swirl, columned_hall_lemuel,
          kennysheep_generic_room_7
D:4:      layout_rooms, gammafunk_temple_overflow_wave, serial_shops, shop,
          nicolae_figureground_sparkle, uniq_duvessa, uniq_menkaure, uniq_pargi,
          uniq_grinder
D:5:      layout_cave_pools, nrook_uturn, minmay_misc_feat_nine_boxes,
          palyth_stone_intersect, corner_web_ring
D:6:      layout_basic, mainiacjoe_overflow_catwalk_spiral, serial_shops,
          nicolae_shop_bloodbath_and_beyond, grunt_ministairs_6,
          minmay_misc_feat_tiny
D:7:      layout_loops_cross, minmay_temple_entry_junction
D:8:      layout_loops_ring, nicolae_gozag_cash_rules_everything_around_me
D:9:      layout_long_grid, minmay_lair_entry_grove
Temple:   dpeg_chambers_temple

Skill      XL: |  1  2  3  4  5  6  7  8  9 10 |
---------------+-------------------------------+-----
Fighting       | 4 5 6 7 9 10 | 10.2
Maces & Flails | 3 4 5 6 8 |  8.9
Armour         | 4 5 7 |  7.5
Shields        | 4 5 7 |  7.5

Action                   |  1- 3 |  4- 6 |  7- 9 | 10-12 || total
-------------------------+-------+-------+-------+-------++-------
Melee: Flail             |   112 |   141 |   325 |   100 ||   678
Invok: Heroism           |       |       |       |     1 ||     1
  Use: Potion            |     1 |       |     2 |     2 ||     5
       Scroll            |       |    11 |     6 |     4 ||    21
Armor: Scale mail        |    79 |    56 |       |       ||   135
       Plate armour      |       |    87 |   277 |    82 ||   446
Dodge: Dodged            |    70 |    53 |    85 |    37 ||   245
Block: Buckler           |    22 |    41 |    83 |    26 ||   172

Table legend: (Time is in decaauts)
 A = Elapsed time spent in this place.
 B = Non-inter-level travel time spent in this place.
 C = Inter-level travel time spent in this place.
 D = Time resting spent in this place.
 E = Time spent auto-exploring this place.
 F = Levels seen in this place.
 G = Mean time per level.
                   A        B        C        D        E       F      G
               +--------+--------+--------+--------+--------+-----+--------+
         Total |   7909 |   7615 |    294 |    562 |   5705 |  10 |  790.9 |
       Dungeon |   7660 |   7412 |    248 |    562 |   5516 |   9 |  851.1 |
        Temple |    249 |    203 |     46 |      0 |    189 |   1 |  249.0 |
               +--------+--------+--------+--------+--------+-----+--------+

Top non-repeatable levels by time:
     D:3: 1076 daAuts
     D:8: 1048 daAuts
     D:1: 1000 daAuts
     D:6: 973 daAuts
     D:2: 929 daAuts
     D:4: 758 daAuts
     D:5: 751 daAuts
     D:7: 719 daAuts
     D:9: 401 daAuts
  Temple: 249 daAuts
